 Dungeon Crawl Stone Soup version 0.30.0-29-ga12c61a403 (webtiles) character file.

Game seed: 13401305739798042609

135 Fodor the Covered (level 4, -27/40 HPs)
             Began as a Minotaur Fighter on June 20, 2023.
             Annihilated by an ogre
             ... wielding a +0 giant spiked club
              (30 damage)
             ... on level 4 of the Dungeon.
             The game lasted 00:15:28 (2374 turns).

Fodor the Covered (Minotaur Fighter)                Turns: 2374, Time: 00:15:28

Health: -27/40     AC:  8    Str: 23    XL:     4   Next: 96%
Magic:  3/3        EV: 10    Int:  5    God:
Gold:   193        SH:  4    Dex:  9    Spells: 3/3 levels left

rFire   . . .        a - +0 long sword
rCold   . . .        c - +0 buckler
rNeg    . . .        b - +0 scale mail
rPois   .            (helmet restricted)
rElec   .            (no cloak)
rCorr   .            (no gloves)
SInv    .            m - +0 pair of boots
Will    .....        k - amulet of faith Stlth
                     (no ring)
HPRegen 0.26/turn    (no ring)
MPRegen 0.08/turn

%: faith
@: no status effects
A: horns 2, retaliatory headbutt
a: no special abilities


You were on level 4 of the Dungeon.
You visited 1 branch of the dungeon, and saw 4 of its levels.

You collected 193 gold pieces.

Inventory:

Hand Weapons
 a - a +0 long sword (weapon)
Missiles
 i - 12 poisoned darts (quivered)
Armour
 b - a +0 scale mail (worn)
 c - a +0 buckler (worn)
 m - a +0 pair of boots (worn)
Jewellery
 e - a ring of wizardry
 k - an amulet of faith (around neck)
Scrolls
 g - a scroll of blinking
 h - a scroll of butterflies {unknown}
 l - a scroll of fog {unknown}
 o - 4 scrolls of magic mapping
 p - a scroll of enchant weapon {unknown}
 q - a scroll of immolation {unknown}
 s - a scroll of enchant armour {unknown}
 v - a scroll of amnesia {unknown}
 w - a scroll of vulnerability {unknown}
Potions
 d - a potion of might
 f - a potion of brilliance {unknown}
 j - 2 potions of flight {unknown}
 n - a potion of heal wounds {unknown}
 r - 2 potions of curing {unknown}
 t - 3 potions of invisibility {unknown}
 u - a potion of degeneration {unknown}


   Skills:
 + Level 4.1 Fighting
 + Level 4.0 Long Blades
 + Level 4.5 Armour
 + Level 1.3 Dodging
 + Level 0.4 Stealth
 + Level 4.4 Shields


You had 3 spell levels left.
You didn't know any spells.
Your spell library was empty.

Dungeon Overview and Level Annotations

Branches:
Dungeon (4/15)
 Temple: D:4-7

Altars:

Shops:
D:1 ((

Annotations:
D:4 2 transporters


Innate Abilities, Weirdness & Mutations

You have a pair of horns on your head.
You reflexively headbutt those who attack you in melee.


Message History

You block the kobold's attack. The kobold barely misses you.
You hit the kobold.
The kobold is moderately wounded.
The kobold misses you.
You slash the kobold!
You kill the kobold!
Things that are here:
a +0 dagger; 4 stones
Found a wand of flame (8).
Found 7 stones.
Found a transporter.
A kobold comes into view.
It is wielding a +0 rapier and quivering poisoned darts.
The kobold shouts!
You hear a shout!
The kobold throws a poisoned dart.
The poisoned dart barely misses you.
An ogre comes into view. It is wielding a +0 giant spiked club.
Found a stone staircase leading down.
You hit the kobold but do no damage. The kobold barely misses you.
You furiously retaliate!
You headbutt the kobold, but do no damage.
You hit the kobold.
You kill the kobold!
You hit the ogre but do no damage. The ogre barely misses you.
You hit the ogre.
The ogre is lightly wounded.
The ogre hits you with a +0 giant spiked club!!
Ouch! That really hurt!
You hit the ogre.
The ogre is moderately wounded.
The ogre hits you with a +0 giant spiked club!
* * * LOW HITPOINT WARNING * * *
You hit the ogre.
The ogre is moderately wounded.
The ogre barely misses you.
You slash the ogre! You headbutt the ogre.
The ogre is severely wounded.
You hit the ogre but do no damage. You headbutt the ogre.
The ogre is almost dead.
The ogre hits you with a +0 giant spiked club!!
Ouch! That really hurt!
You die...

#.. ..>. ..# 8..8 #.
#.# ..##..###.###.#
### ..............
.. ......#...#.# #.
.........#.# #)
#O#.# #..#.# #.
#@#.###..#.######.
#.................
##.###############
#.#8P#SSS~~~~#P8#
#..#(.#..~~~~~#..#
...©#©/+..~♣PP~+)©#
#.#..#..#..~~~~P#..#
##.#.#8P#~~~~~~~#P8#
##..###############


You could see an ogre and 2 electric eels.

Vanquished Creatures
  2 orc priests (D:3)
  An adder (D:2)
  A worm (D:3)
  5 orcs (D:3)
  3 ball pythons
  6 bats
  2 endoplasms (D:1)
  4 giant cockroaches
  9 goblins
  2 hobgoblins
  3 jackals (D:2)
  A quokka (D:1)
  2 frilled lizards
  8 kobolds
  6 rats
55 creatures vanquished.

Notes
Turn   | Place    | Note
-------+----------+-------------------------------------------
     0 | D:1      | Fodor the Minotaur Fighter began the quest for the Orb.
     0 | D:1      | Reached XP level 1. HP: 19/19 MP: 0/0
   221 | D:1      | Found Ticolego's Weapon Shoppe.
   621 | D:1      | Reached XP level 2. HP: 27/27 MP: 1/1
   781 | D:1      | Found Varhoa's Weapon Boutique.
   887 | D:2      | Identified the +1 leather armour of Eternal Vigilance
                  | {Rampage rN++ Str-5 Slay+3}
   941 | D:2      | Reached XP level 3. HP: 33/33 MP: 2/2
  1402 | D:3      | Reached skill level 1 in Dodging
  1402 | D:3      | Reached XP level 4. HP: 18/40 MP: 3/3
  2003 | D:3      | Found a faded altar of an unknown god.
  2323 | D:4      | Found a transporter.
  2357 | D:4      | Found a transporter.
  2363 | D:4      | Noticed an ogre
  2371 | D:4      | HP: 2/40 [ogre/+0 giant spiked club (13)]
  2374 | D:4      | Annihilated by an ogre

Illustrated notes

Levels and vault maps discovered:
D:1:      ncdulo_smallfort, layout_loops_corners, serial_shops,
          nicolae_shop_bloodbath_and_beyond, nicolae_shop_tiny_statue_garden
D:2:      layout_basic
D:3:      layout_loops_ring, serial_glass, glass_columns_b, glass_columns_c,
          shapermc_ecumenical_altar_totnotflames
D:4:      gammafunk_steamed_eel, layout_loops_ring, st_stairs_6

Skill      XL: |  1  2  3  4 |
---------------+-------------+-----
Shields        | 4 |  4.4
Armour         | 4 |  4.5
Long Blades    | 3 4 |  4.0
Fighting       | 4 |  4.1
Dodging        | 1 |  1.3
Stealth        | |  0.4

Action                     |  1- 3 |  4- 6 || total
---------------------------+-------+-------++-------
  Melee: Long sword        |    78 |    46 ||   124
         Headbutt          |     7 |     8 ||    15
    Use: Scroll            |       |     2 ||     2
 Armour: Scale mail        |    52 |    15 ||    67
  Dodge: Dodged            |    53 |    25 ||    78
  Block: Buckler           |    32 |     8 ||    40
